 Dungeon Crawl Stone Soup version 0.17.1-2-g5865329 (webtiles) character file.

107 ololoev the Chopper (level 4, 0/35 HPs)
             Began as a Demonspawn Fighter on Feb 12, 2016.
             Slain by Edmund
             ... wielding a +4 flail of crushing
              (1 damage)
             ... on level 4 of the Dungeon.
             The game lasted 00:02:49 (356 turns).

ololoev the Chopper (Demonspawn Fighter)             Turns: 356, Time: 00:02:50

Health: 0/35       AC:  6    Str: 17    XL:     4   Next: 57%
Magic:  4/4        EV:  6    Int: 10    God:
Gold:   59         SH:  8    Dex: 12    Spells: 0 memorised, 3 levels left

rFire  . . .     SeeInvis +     a - +0 war axe
rCold  . . .     Rnd*Rage +     b - +0 scale mail
rNeg   . . .     SustAt   .     c - +0 shield
rPois  .         Gourm    .     (helmet restricted)
rElec  .         Spirit   .     (no cloak)
rCorr  .         Warding  .     (no gloves)
rMut   .         Stasis   .     (no boots)
MR     .....                    (no amulet)
Stlth  +.........               (no ring)
                                l - ring of see invisible

@: not resistant to hostile enchantments, very unstealthy
A: horns 1, berserk 1, nightstalker 1, evolution 2
a: no special abilities


Innate Abilities, Weirdness & Mutations

You have a pair of small horns on your head.
You are slightly more attuned to the shadows.
You tend to lose your temper in combat.
You rapidly evolve.

Inventory:

Hand Weapons
 a - a +0 war axe (weapon)
Missiles
 f - 2 curare-tipped needles
Armour
 b - a +0 scale mail (worn)
 c - a +0 shield (worn)
 k - a +0 helmet
Jewellery
 l - a ring of see invisible (left hand)
Scrolls
 d - a scroll of magic mapping {unknown}
 g - a scroll of identify {unknown}
 i - 2 scrolls of remove curse {unknown}
 j - a scroll of amnesia {unknown}
 m - a scroll of teleportation {unknown}
Comestibles
 e - 2 bread rations


   Skills:
 - Level 3.0 Fighting
 * Level 3.6 Axes
 + Level 3.6 Armour
 - Level 2.6 Shields


You had 3 spell levels left.
You didn't know any spells.


You were on level 4 of the Dungeon.
You were not hungry.

You visited 1 branch of the dungeon, and saw 4 of its levels.

You collected 59 gold pieces.

#######
##.....#####
##.....@....##
#......@.....#
#.............
##..........#.
##.........#
####......#
##....##
##...#
########..#

Notes
Turn   | Place    | Note
--------------------------------------------------------------
     0 | D:1      | ololoev the Demonspawn Fighter began the quest for the Orb.
     0 | D:1      | Reached XP level 1. HP: 18/18 MP: 1/1
   248 | D:3      | Gained mutation: You are slightly more attuned to the shadows. [demonic ancestry]
   248 | D:3      | Reached XP level 2. HP: 14/24 MP: 2/2
   289 | D:4      | Reached XP level 3. HP: 14/29 MP: 3/3
   320 | D:4      | Gained mutation: You have a pair of small horns on your head. [demonic ancestry]
   320 | D:4      | Reached XP level 4. HP: 20/35 MP: 4/4
   328 | D:4      | Noticed Edmund
   332 | D:4      | Gained mutation: You tend to lose your temper in combat. [potion of mutation]
   332 | D:4      | Gained mutation: You evolve. [potion of mutation]
   332 | D:4      | Gained mutation: You rapidly evolve. [potion of mutation]
   356 | D:4      | HP: 1/35 [Edmund/flail of crushing (3)]
   356 | D:4      | Slain by Edmund

Dungeon Overview and Level Annotations

Branches:
Dungeon (4/15)
 Temple: D:4-7

Altars:

Annotations:
D:4 Edmund


Message History

The orc is almost dead.
You feel a little less mighty now. The orc hits you but does no damage.
Your shield and scale mail prevent you from hitting the orc.
The orc is almost dead.
The orc barely misses you.
Drink which item? (? for menu, Esc to quit)
It was a potion of mutation.
You feel extremely strange.
You feel a little pissed off.
You feel nature experimenting on you.
Don't worry, failures die fast.
Your genes go into a fast flux.
The orc hits you but does no damage.
You barely miss the orc.
The orc is almost dead.
You block the orc's attack.
You slash the orc!
You kill the orc!
Edmund hits you with a flail of crushing!
Drink which item? (? for menu, Esc to quit)
It was a potion of heal wounds.
You feel much better.
Edmund says, "Everyone always remembers my brother. 'Who's Edmund?' they ask!"
Edmund barely misses you.
You hit Edmund but do no damage. Your headbutt misses Edmund.
Edmund hits you with a flail of crushing.
You hit Edmund.
Edmund is lightly wounded.
Edmund hits you with a flail of crushing.
You hit Edmund but do no damage. You headbutt Edmund.
Edmund is lightly wounded.
Edmund hits you with a flail of crushing.
You slash Edmund! You headbutt Edmund, but do no damage.
Edmund is moderately wounded.
You block Edmund's attack.
You hit Edmund but do no damage.
Edmund is moderately wounded.
Edmund completely misses you.
You hit Edmund.
Edmund is heavily wounded.
Edmund hits you with a flail of crushing.
You die...

You could see Edmund.

Vanquished Creatures
  An orc priest (D:4)
  A centaur skeleton (D:4)
  An orc wizard (D:4)
  A giant gecko (D:3)
  3 orcs (D:4)
  A bat (D:3)
  A goblin (D:2)
  2 hobgoblins (D:2)
  A kobold (D:2)
  A giant cockroach (D:2)
  2 rats (D:1)
15 creatures vanquished.

Action                   |  1- 3 |  4- 6 || total
-------------------------+-------+-------++-------
Melee: War axe           |    28 |    19 ||    47
  Use: Potion            |     1 |     2 ||     3

Vault maps used:
D:1:      noname_arrival_rooms_in_the_neighbourhood, serial_bayou_pond_b,
          minmay_misc_feat_tower
D:2:      lemuel_coloured_pillars_altar, nemelex_deck
D:3:      kennysheep_six_static_rooms, first_bread
D:4:      zin_academy, uniq_eustachio, uniq_edmund
